 Dungeon Crawl Stone Soup version 0.30.1 (webtiles) character file.

Game seed: 10446386619349373111

198 javelincjr the Caller (level 5, -12/38 HPs)
             Began as a Demonspawn Summoner on July 13, 2023.
             Killed from afar by Ijyb (18 damage)
             ... with a bolt of light
             ... on level 3 of the Dungeon.
             The game lasted 00:18:18 (1996 turns).

javelincjr the Caller (Demonspawn Summoner)         Turns: 1996, Time: 00:18:19

Health: -12/38     AC:  4    Str:  9    XL:     5   Next: 47%
Magic:  9/10       EV: 12    Int: 18    God:
Gold:   213        SH:  0    Dex: 13    Spells: 4/10 levels left

rFire   . . .        d - +0 dagger (freeze)
rCold   . . .        (no shield)
rNeg    . . .        a - +0 robe
rPois   .            g - +0 helmet
rElec   .            (no cloak)
rCorr   .            (no gloves)
SInv    .            (no boots)
Will    .....        (no amulet)
Stlth   ++           (no ring)
HPRegen 0.26/turn    (no ring)
MPRegen 0.24/turn

%: no passive effects
@: hasted, very quick
A: rugged brown scales 1, ignite blood 1, magic regeneration
a: no special abilities


You were on level 3 of the Dungeon.
You visited 1 branch of the dungeon, and saw 3 of its levels.

You collected 213 gold pieces.

Inventory:

Hand Weapons
 c - a +0 dagger
 d - a +0 dagger of freezing (weapon)
Missiles
 f - 6 atropa-tipped darts
Armour
 a - a +0 robe (worn)
 g - a +0 helmet (worn)
Scrolls
 e - 2 scrolls of vulnerability {unknown}
 i - a scroll of noise {unknown}
 l - a scroll of fog {unknown}
 m - 2 scrolls of identify {unknown}
 n - a scroll of poison {unknown}
 q - a scroll of teleportation {unknown}
 r - a scroll of blinking {unknown}
Potions
 b - 2 potions of magic
 h - 2 potions of degeneration {unknown}
 k - 4 potions of haste
 o - a potion of heal wounds {unknown}
 p - a potion of ambrosia {unknown}


   Skills:
 + Level 1.6 Fighting
 + Level 2.5 Dodging
 + Level 2.5 Stealth
 * Level 3.3 Spellcasting
 * Level 4.9 Summonings


You had 4 spell levels left.
You knew the following spells:

 Your Spells              Type           Power      Damage    Failure   Level
a - Summon Small Mammal   Summ           80%        N/A       1%          1
b - Call Imp              Summ           40%        N/A       3%          2
c - Call Canine Familiar  Summ           20%        N/A       6%          3

Your spell library contained the following spells:

 Spells                   Type           Power      Damage    Failure   Level
 Summon Guardian Golem    Hex/Summ       11%        N/A       17%         3
 Frozen Ramparts          Ice            6%         1d1       43%         3
 Summon Ice Beast         Ice/Summ       11%        N/A       50%         4
 Summon Lightning Spire   Summ/Air       11%        N/A       50%         4
 Ice Form                 Ice/Tmut       3%         N/A       83%         4


Dungeon Overview and Level Annotations

Branches:
Dungeon (3/15)

Altars:
Dithmenos

Annotations:
D:3 Ijyb


Innate Abilities, Weirdness & Mutations

You are partially covered in rugged brown scales. (AC +1, +3% HP)
Your demonic aura sometimes causes spilled blood to erupt in flames.
You regenerate magic rapidly.


Message History

Your cerulean imp closely misses Ijyb.
Ijyb zaps a wand.
The bolt of light hits you!
Your hound barely misses Ijyb.
It was a potion of haste.
You feel yourself speed up.
You feel less confused.
Your cerulean imp barely misses Ijyb.
Your hound bites Ijyb but does no damage.
Ijyb zaps a wand.
The bolt of light misses you.
You barely miss Ijyb.
Ijyb is lightly wounded.
Your cerulean imp closely misses Ijyb.
Your hound closely misses Ijyb.
You hit Ijyb but do no damage.
Ijyb is lightly wounded.
Your hound bites Ijyb but does no damage.
Ijyb hits you with a +0 club.
* * * LOW HITPOINT WARNING * * *
Your cerulean imp hits Ijyb but does no damage.
You barely miss Ijyb.
Ijyb is lightly wounded.
Your hound bites Ijyb but does no damage.
You hit Ijyb but do no damage.
Ijyb is lightly wounded.
Ijyb hits you but does no damage.
Your cerulean imp barely misses Ijyb.
Your hound bites Ijyb but does no damage.
You hit Ijyb but do no damage.
Your hound barely misses Ijyb.
Ijyb hits you with a +0 club.
* * * LOW HITPOINT WARNING * * *
Your cerulean imp hits Ijyb with a -2 spear.
Your hound bites Ijyb but does no damage.
Casting: Summon Small Mammal (safe; 1% risk of failure)
Confirm with . or Enter, or press ? or * to list all spells.
Your cerulean imp hits Ijyb but does no damage.
Your hound bites Ijyb.
Your cerulean imp barely misses Ijyb.
You swap places.
Your quokka bites Ijyb but does no damage.
Ijyb grins evilly.
Ijyb zaps a wand.
The bolt of light hits your quokka.
Your quokka dies!
Your quokka's corpse disappears in a puff of smoke!
The bolt of light hits you!!
You die...

#... #... ######...
#......## #.######
#.# # ###.#
#.############...#
#..hg§.@.##....###
(((...5#####....####
##.##.. ###### #..#
...# ._.. .... .#.#


You could see Ijyb (ally target), a friendly hound (summoned) and a friendly
cerulean imp (summoned).

Vanquished Creatures
  Natasha (D:2)
  A dart slug (D:1)
  An endoplasm (D:1)
  2 goblins
  A hobgoblin (D:1)
  3 jackals (D:1)
  A quokka (D:1)
  2 ball pythons (D:1)
  2 kobolds (D:1)
  A rat (D:2)
15 creatures vanquished.

Vanquished Creatures (collateral kills)
  A jelly (D:3)
  Terence (D:2)
  Natasha (D:2)
  Robin (D:2)
  2 adders (D:2)
  A worm (D:3)
  2 bats
  2 endoplasms (D:2)
  10 goblins
  5 hobgoblins
  6 jackals (D:1)
  2 kobolds
  A quokka (D:2)
  4 frilled lizards
  5 rats
44 creatures vanquished.

Grand Total: 59 creatures vanquished

Notes
Turn   | Place    | Note
-------+----------+-------------------------------------------
     0 | D:1      | javelincjr the Demonspawn Summoner began the quest for the
                  | Orb.
     0 | D:1      | Reached XP level 1. HP: 13/13 MP: 3/3
   303 | D:1      | Gained mutation: Your demonic aura sometimes causes spilled
                  | blood to erupt in flames. [demonic ancestry]
   303 | D:1      | Reached XP level 2. HP: 16/20 MP: 1/5
   306 | D:1      | Learned a level 2 spell: Call Imp
   681 | D:1      | Gained mutation: You are partially covered in rugged brown
                  | scales. (AC +1, +3% HP) [demonic ancestry]
   681 | D:1      | Reached XP level 3. HP: 19/25 MP: 6/6
   685 | D:1      | Learned a level 3 spell: Call Canine Familiar
  1092 | D:2      | Found a faded altar of an unknown god.
  1170 | D:2      | Noticed Robin
  1186 | D:2      | Reached skill level 1 in Fighting
  1230 | D:2      | Killed Robin
  1264 | D:2      | Gained mutation: You regenerate magic rapidly. [demonic
                  | ancestry]
  1264 | D:2      | Reached XP level 4. HP: 27/32 MP: 2/8
  1336 | D:2      | Noticed Natasha
  1353 | D:2      | Killed Natasha
  1590 | D:2      | Noticed Terence
  1600 | D:2      | Killed Terence
  1701 | D:2      | Noticed Natasha
  1704 | D:2      | Reached XP level 5. HP: 38/38 MP: 2/9
  1711 | D:2      | Killed Natasha
  1882 | D:3      | Found a shadowy altar of Dithmenos.
  1974 | D:3      | Noticed Ijyb
  1996 | D:3      | Killed from afar by Ijyb

Illustrated notes

Levels and vault maps discovered:
D:1:      scummos_arrival_checkerplants, layout_basic
D:2:      layout_rooms, hellmonk_ecumenical_altar_heavens_door,
          minmay_misc_feat_more_columns, minmay_pentomino_x4, uniq_robin,
          uniq_terence, uniq_natasha
D:3:      layout_rooms, mainiacjoe_overflow_concentric_impassable,
          nicolae_ru_sacrificial_ziggurat, mainiacjoe_overflow_small_starburst,
          hangedman_decor_points, uniq_ijyb

Skill      XL: |  1  2  3  4 |
---------------+-------------+-----
Dodging        | 2 |  2.5
Stealth        | 2 |  2.5
Fighting       | 1 |  1.6
Spellcasting   | 3 |  3.3
Summonings     | |  4.9

Action                     |  1- 3 |  4- 6 || total
---------------------------+-------+-------++-------
  Melee: Unarmed           |    15 |       ||    15
         Dagger            |    65 |    27 ||    92
         Punch             |     2 |       ||     2
  Throw: Dart              |     2 |     3 ||     5
   Cast: Summon Small Mamm |    28 |    11 ||    39
         Call Imp          |    11 |     7 ||    18
         Call Canine Famil |     3 |     5 ||     8
    Use: Potion            |       |     1 ||     1
   Stab: Distracted        |     1 |       ||     1
         Sleeping          |     1 |       ||     1
 Armour: Robe              |    16 |     9 ||    25
  Dodge: Dodged            |    56 |    27 ||    83
